 Dungeon Crawl Stone Soup version 0.23.2-33-g5129a83184 (webtiles) character file.

Game seed: 14381052433682297034

15655 psyvane the Covert (level 12, -11/87 HPs)
             Began as an Octopode Earth Elementalist on July 20, 2019.
             Was an Elder of Ashenzari.
             Mangled by Snorg (15 damage)
             ... on level 12 of the Dungeon.
             The game lasted 01:31:34 (15578 turns).

psyvane the Covert (Octopode Earth Elementalist)   Turns: 15578, Time: 01:31:35

Health: -11/87     AC:  3    Str:  8    XL:     12   Next: 29%
Magic:  10/22      EV: 22    Int: 19    God:    Ashenzari [****..]
Gold:   739        SH:  0    Dex: 15    Spells: 3/24 levels left

rFire    + . .     SeeInvis +   B - +3 dagger (pierce) (curse)
rCold    x . .     Gourm    .   (no shield)
rNeg     + . .     Faith    .   n - +2 hat (curse)
rPois    .         Spirit   .   C - amulet of regeneration (curse)
rElec    .         Reflect  .   q - ring of teleportation (curse)
rCorr    .         Harm     .   w - ring of wizardry (curse)
MR       .....     Clarity  +   z - ring of positive energy (curse) Stlth ++++++++..Rnd*Tele +
                                e - ring of flight (curse)
HPRegen  0.64/turn              K - ring of stealth (curse)
MPRegen  0.18/turn              Q - ring of fire
                                (no ring)
                                (no ring)

@: no status effects
A: almost no armour, stealthy swim, amphibious, 8 rings, constrict 8, camouflage
1, gelatinous body 1
a: Curse Item, Scrying, Renounce Religion, Evoke Flight


You were on level 12 of the Dungeon.
You worshipped Ashenzari.
Ashenzari was greatly pleased with you.
You were very hungry.

You visited 1 branch of the dungeon, and saw 13 of its levels.

You collected 799 gold pieces.
You spent 60 gold pieces at shops.

Inventory:

Hand Weapons
 d - a +0 spear
 i - a +2 hand axe of electrocution
 o - a +4 scimitar of flaming
 x - a +0 lajatang
 y - a +1 falchion of holy wrath
 B - a cursed +3 dagger of piercing (weapon)
 I - a +4 dagger
 O - a +2 dagger of venom
Missiles
 t - 2 needles of sleeping
 v - 5 steel tomahawks
 M - 4 silver tomahawks
 P - 20 stones (quivered)
Armour
 n - a cursed +2 hat (worn)
 A - a +0 buckler
Magical Staves
 b - an uncursed staff of earth
Jewellery
 e - a cursed ring of flight (on tentacle)
 q - a cursed ring of teleportation (left tentacle)
 s - an uncursed amulet of harm
 w - a cursed ring of wizardry (right tentacle)
 z - a cursed ring of positive energy (on tentacle)
 C - a cursed amulet of regeneration (around mantle)
 G - a cursed ring of teleportation
 K - a cursed ring of stealth (on tentacle)
 Q - a ring of fire (on tentacle)
Wands
 j - a wand of clouds (6)
 L - a wand of paralysis (7)
 N - a wand of random effects (5)
Scrolls
 f - 2 scrolls of magic mapping
 g - 2 scrolls of remove curse
 h - a scroll of identify
 k - 3 scrolls of immolation
 u - 5 scrolls of enchant armour
Potions
 a - 3 potions of curing
 p - a potion of flight
 r - a potion of cancellation
 E - a potion of berserk rage
 J - a potion of lignification
Comestibles
 c - 19 rations


   Skills:
 - Level 10.0 Fighting
 - Level 9.1(12.4) Dodging
 * Level 12.0(15.1) Stealth
 - Level 6.8 Spellcasting
 - Level 5.2(7.4) Conjurations
 - Level 4.4(6.6) Transmutations
 - Level 5.0(7.2) Fire Magic
 - Level 5.1(7.4) Earth Magic


You had 3 spell levels left.
You knew the following spells:

 Your Spells              Type           Power        Failure   Level  Hunger
a - Sandblast             Erth           ####..       1%          1    None
b - Passwall              Tmut/Erth      ####....     1%          2    None
c - Stone Arrow           Conj/Erth      ####..       1%          3    #......
d - Petrify               Tmut/Erth      ####....     2%          4    ###....
e - Lee's Rapid Deconstr  Erth           ####......   6%          5    #####..
f - Sticky Flame          Conj/Fire      ######..     1%          4    ###....
g - Shroud of Golubria    Chrm/Tloc      #.........   6%          2    None

Your spell library contained the following spells:

 Spells                   Type           Power        Failure   Level  Hunger
 Flame Tongue             Conj/Fire      #####        1%          1    None
 Throw Flame              Conj/Fire      ######       1%          2    None
 Conjure Flame            Conj/Fire      ######..     1%          3    #......
 Inner Flame              Hex/Fire       ####....     2%          3    #......
 Confusing Touch          Hex            #.....       3%          1    None
 Infusion                 Chrm           #...         3%          1    None
 Song of Slaying          Chrm           #.......     6%          2    None
 Confuse                  Hex            #.......     11%         3    #......
 Gell's Gravitas          Tloc           #.........   11%         3    #......
 Regeneration             Chrm/Necr      #.........   11%         3    #......
 Spectral Weapon          Hex/Chrm       #.......     11%         3    #......
 Fireball                 Conj/Fire      ######....   6%          5    #####..
 Yara's Violent Unravell  Hex/Tmut       ###.......   26%         5    #####..
 Metabolic Englaciation   Hex/Ice        #.........   65%         5    #####..


Dungeon Overview and Level Annotations

Branches:
Dungeon (13/15)            Temple (0/1) D:5            Lair (0/6) D:8
    Orc (0/2) D:12
 Vaults: D:13-14

Altars:
Ashenzari
Dithmenos
Elyvilon
Fedhas
Kikubaaqudgha
Makhleb
Nemelex Xobeh
Okawaru
Ru
Sif Muna
Vehumet
Xom
Yredelemnul
The Shining One

Shops:
D:9 !

Annotations:
D:11 Gastronok
D:12 Snorg


Innate Abilities, Weirdness & Mutations

You cannot wear most types of armour.
You are very stealthy in the water. (Stealth+)
You are amphibious.
You can wear up to eight rings at the same time.
You can use your tentacles to constrict eight enemies at once.
Your skin changes colour to match your surroundings (Stealth+).
Your rubbery body absorbs attacks. (AC +1, EV +1)


Message History

The hell hound barely misses you.
As you read the scroll labeled XIRILEAGGY, it crumbles to dust.
It is a scroll of enchant weapon.
Your cursed +2 dagger of protection glows red for a moment.
The komodo dragon completely misses you.
The hell hound barely misses you. Snorg misses you. Snorg closely misses you.
Snorg claws you!
* * * LOW HITPOINT WARNING * * *
Okay, then.
Okay, then.
Evoke which item? (* to show all) (? for menu, Esc to quit)
Okay, then.
As you read the scroll labeled BAKLEM ZOACH, it crumbles to dust.
It is a scroll of brand weapon.
Your cursed +3 dagger of protection emits a brilliant flash of light!
B - a cursed +3 dagger of piercing (weapon)
The hell hound misses you. The komodo dragon bites you.
* * * LOW HITPOINT WARNING * * *
The wraith barely misses you. Snorg closely misses you. Snorg claws you!
You die...

#######################
** ##
#......................
,, ..,
#.#####################
,* **#.###'##########
#......§§W§§...### * *
* ####..†.§l@Y§.....
,,,* , ** *
##..)†§hT§§....., ,, ,
* #...)T§§§§§[...., ,
*** * #!...###.§......
,, , ####....#
*######## * * *
*,........# ,
,*####.....#*#######**
** * **
.........##.......,, ,
,, ,, ,*
##.#..>..+....... , ,,
,,


You could see Snorg (berserk), a komodo dragon, a wraith, a hell hound and a sky
beast (invisible).

Vanquished Creatures
  A two-headed ogre (D:12)
  Nergalle (D:10)
  2 manticores
  A gargoyle (D:11)
  An efreet (D:10)
  2 queen bees
  A troll (D:8)
  4 hippogriffs
  20 yaks
  A wraith (D:10)
  A wyvern (D:10)
  A warg (D:12)
  An acid dragon (D:10)
  A water moccasin (D:7)
  Duvessa (D:7)
  A hell hound (D:12)
  2 sky beasts
  4 ice beasts
  6 orc warriors
  2 eyes of draining
  A necrophage (D:5)
  A phantom (D:4)
  7 ogres
  3 centaurs
  3 crocodiles
  2 big kobolds (D:10)
  Blork the orc (D:6)
  9 bullfrogs
  2 scorpions
  A water moccasin skeleton (D:8)
  Dowan (D:7)
  40 killer bees
  18 wights
  8 howler monkeys
  2 jellies
  4 crimson imps
  A quasit (D:9)
  5 hounds
  12 orc priests
  4 centaur skeletons
  6 orc wizards
  4 iguanas
  14 worker ants
  A hound skeleton (D:8)
  A worker ant zombie (D:10)
  14 adders
  A howler monkey skeleton (D:10)
  A shadow imp (D:9)
  An ooze (D:3)
  An adder zombie (D:9)
  An adder skeleton (D:4)
  3 worms
  2 dart slugs (D:3)
  3 leopard geckos
  66 orcs
  4 giant cockroaches
  13 goblins
  8 hobgoblins
  8 jackals
  9 kobolds
  2 quokkas
  4 bats
  4 frilled lizards
  A jackal skeleton (D:5)
  2 leopard gecko skeletons
  A leopard gecko zombie (D:8)
  2 quokka skeletons (D:5)
  8 rats
364 creatures vanquished.

Notes
Turn   | Place    | Note
-------+----------+-------------------------------------------
     0 | D:1      | psyvane the Octopode Earth Elementalist began the quest for
                  | the Orb.
     0 | D:1      | Reached XP level 1. HP: 11/11 MP: 3/3
    55 | D:1      | Reached skill level 3 in Stealth
   197 | D:1      | Reached XP level 2. HP: 13/17 MP: 5/5
   293 | D:1      | Reached skill level 4 in Stealth
   423 | D:1      | Learned a level 2 spell: Passwall
  1011 | D:2      | Reached skill level 5 in Stealth
  1011 | D:2      | Reached XP level 3. HP: 12/21 MP: 3/6
  1442 | D:2      | Found a shattered altar of Ashenzari.
  1499 | D:2      | Became a worshipper of Ashenzari the Shackled
  1540 | D:2      | Reached XP level 4. HP: 19/27 MP: 2/7
  1970 | D:3      | Learned a level 3 spell: Stone Arrow
  2613 | D:3      | Reached XP level 5. HP: 31/31 MP: 1/8
  2706 | D:3      | Found a burning altar of Makhleb.
  2911 | D:3      | Found a radiant altar of Vehumet.
  2925 | D:3      | Reached * piety under Ashenzari
  3016 | D:3      | Found a shadowy altar of Dithmenos.
  3054 | D:3      | Found a sparkling altar of Nemelex Xobeh.
  3365 | D:4      | Noticed an ogre
  3377 | D:4      | Killed an ogre
  3377 | D:4      | Reached XP level 6. HP: 36/36 MP: 0/9
  3490 | D:4      | Found a blossoming altar of Fedhas.
  4005 | D:4      | Noticed a phantom
  4124 | D:4      | Killed a phantom
  4124 | D:4      | Reached XP level 7. HP: 41/41 MP: 1/11
  4857 | D:4      | Learned a level 4 spell: Petrify
  4910 | D:4      | Reached ** piety under Ashenzari
  5035 | D:5      | Entered Level 5 of the Dungeon
  5330 | D:5      | Found a staircase to the Ecumenical Temple.
  5410 | D:5      | Reached skill level 5 in Spellcasting
  5519 | D:5      | Reached XP level 8. HP: 44/46 MP: 4/16
  5528 | D:5      | Learned a level 5 spell: Lee's Rapid Deconstruction
  6056 | D:5      | Found a sacrificial altar of Ru.
  6056 | D:5      | Found an ancient bone altar of Kikubaaqudgha.
  6057 | D:5      | Found an iron altar of Okawaru.
  6114 | D:5      | Found a glowing golden altar of the Shining One.
  6399 | D:6      | Noticed Blork the orc
  6405 | D:6      | Killed Blork the orc
  6433 | D:6      | Reached skill level 5 in Dodging
  6503 | D:6      | Found a basalt altar of Yredelemnul.
  6672 | D:6      | Reached skill level 5 in Earth Magic
  6887 | D:7      | Noticed a hippogriff
  6894 | D:7      | Killed a hippogriff
  7020 | D:7      | Reached XP level 9. HP: 46/51 MP: 13/17
  7673 | D:7      | Noticed Duvessa
  7677 | D:7      | Noticed Dowan
  7682 | D:7      | Killed Dowan
  7949 | D:7      | Killed Duvessa
  8252 | D:7      | Found a shimmering altar of Xom.
  8252 | D:7      | Found a shimmering altar of Xom.
  8252 | D:7      | Found a shimmering altar of Xom.
  8254 | D:7      | Reached *** piety under Ashenzari
  8313 | D:8      | Reached skill level 6 in Stealth
  8318 | D:8      | Reached skill level 7 in Stealth
  8318 | D:8      | Reached skill level 1 in Fighting
  8350 | D:8      | Noticed a queen bee
  8524 | D:8      | Reached XP level 10. HP: 57/64 MP: 10/18
  8531 | D:8      | Found a white marble altar of Elyvilon.
  8817 | D:8      | Reached skill level 5 in Fighting
  9269 | D:9      | Learned a level 4 spell: Sticky Flame
  9332 | D:9      | Found a deep blue altar of Sif Muna.
  9349 | D:9      | HP: 1/69 [orc warrior/+0 trident (14)]
  9367 | D:9      | Reached skill level 1 in Conjurations
  9713 | D:8      | Found a staircase to the Lair.
 10060 | D:8      | Reached skill level 1 in Fire Magic
 11245 | D:9      | Reached skill level 5 in Fire Magic
 11268 | D:9      | Reached XP level 11. HP: 20/75 MP: 1/19
 11498 | D:9      | Found Mallarch's Distillery.
 11507 | D:9      | Bought a potion of heal wounds for 60 gold pieces
 11738 | D:9      | Found a blossoming altar of Fedhas.
 11835 | D:10     | Entered Level 10 of the Dungeon
 11835 | D:10     | Noticed Nergalle
 12688 | D:10     | Reached **** piety under Ashenzari
 13405 | D:11     | Noticed a manticore
 13420 | D:10     | Killed a manticore
 13420 | D:10     | Reached skill level 5 in Conjurations
 13549 | D:11     | Noticed a manticore
 13556 | D:11     | Noticed a red ugly thing
 13586 | D:10     | Killed Nergalle
 13918 | D:10     | Learned a level 2 spell: Shroud of Golubria
 14135 | D:11     | Reached skill level 10 in Fighting
 14287 | D:11     | Reached skill level 8 in Stealth
 14322 | D:11     | Killed a manticore
 14411 | D:11     | Reached skill level 9 in Stealth
 14438 | D:11     | Reached XP level 12. HP: 58/87 MP: 1/22
 14620 | D:11     | Reached skill level 10 in Stealth
 14788 | D:11     | Noticed Gastronok
 14980 | D:12     | Found a staircase to the Orcish Mines.
 14980 | D:12     | Noticed a two-headed ogre
 15146 | D:12     | Killed a two-headed ogre
 15146 | D:12     | Reached skill level 11 in Stealth
 15496 | D:12     | Noticed Snorg
 15537 | D:12     | Noticed a two-headed ogre
 15572 | D:12     | Reached skill level 12 in Stealth
 15578 | D:12     | HP: 4/87 [komodo dragon (3)]
 15578 | D:12     | Mangled by Snorg

Skill      XL: |  1  2  3  4  5  6  7  8  9 10 11 12 |
---------------+-------------------------------------+-----
Stealth        | 3 5 7 9 12 | 12.0
Earth Magic    | 4 5 |  5.1
Transmutations | 3 4 |  4.4
Spellcasting   | 3 5 6 |  6.8
Dodging        | 6 9 |  9.1
Fighting       | 4 7 10 | 10.0
Conjurations   | 3 5 |  5.2
Fire Magic     | 5 |  5.0

Action                   |  1- 3 |  4- 6 |  7- 9 | 10-12 || total
-------------------------+-------+-------+-------+-------++-------
Melee: Spear             |    19 |       |       |       ||    19
       Unarmed           |     4 |       |       |       ||     4
       Constrict         |    12 |    12 |     3 |    94 ||   121
       Tentacles         |     6 |     8 |     5 |   127 ||   146
       Short sword       |     8 |       |       |       ||     8
       Dagger            |    12 |    57 |    41 |   594 ||   704
       Hand axe          |       |       |     3 |       ||     3
Throw: Stone             |     3 |       |     2 |     1 ||     6
 Cast: Sandblast         |    25 |    36 |   139 |   184 ||   384
       Stone Arrow       |       |    18 |     6 |    30 ||    54
       Passwall          |       |     1 |     3 |     4 ||     8
       Petrify           |       |       |     1 |    40 ||    41
       Lee's Rapid Decon |       |       |     7 |    34 ||    41
       Sticky Flame      |       |       |       |     2 ||     2
Invok: Curse Item        |     1 |       |     1 |     5 ||     7
Evoke: Wand              |       |       |       |    21 ||    21
  Use: Scroll            |     2 |     1 |     4 |    21 ||    28
       Potion            |       |     6 |     6 |     8 ||    20
 Stab: Sleeping          |     9 |    10 |    12 |    14 ||    45
       Petrified         |       |       |     1 |    21 ||    22
       Petrifying        |       |       |       |     8 ||     8
       Distracted        |       |       |       |     2 ||     2
  Eat: Chunk             |     2 |    11 |     7 |    33 ||    53
       Ration            |       |       |     3 |     2 ||     5
Armor: Skin              |     4 |    14 |    23 |   107 ||   148
Dodge: Dodged            |    28 |    43 |   144 |   839 ||  1054
